 Dungeon Crawl Stone Soup version 0.27.0-1-g7a089689b8 (webtiles) character file.

Game seed: 18088771967052071919

171 Spectrina the Sneak (level 5, 0/31 HPs)
             Began as a Deep Elf Monk on Aug 11, 2021.
             Slain by an ice beast (6 damage)
             ... on level 5 of the Dungeon.
             The game lasted 00:11:10 (1149 turns).

Spectrina the Sneak (Deep Elf Monk)                 Turns: 1149, Time: 00:11:11

Health: 0/31       AC:  4    Str:  8    XL:     5   Next: 26%
Magic:  13/13      EV: 13    Int: 16    God:
Gold:   45         SH:  0    Dex: 17    Spells: 13/13 levels left

rFire    . . .     SeeInvis .   o - +0 dagger
rCold    . . .     Faith    .   (no shield)
rNeg     . . .     Spirit   .   l - +0 robe
rPois    .         Reflect  .   (no helmet)
rElec    .         Harm     .   (no cloak)
rCorr    .         Rampage  .   (no gloves)
Will     .....                  (no boots)
Stlth    +++.......             (no amulet)
HPRegen  0.10/turn              (no ring)
MPRegen  0.13/turn              (no ring)

@: no status effects
A: claws 1, iridescent scales 1
a: no special abilities


You were on level 5 of the Dungeon.
You visited 1 branch of the dungeon, and saw 6 of its levels.

You collected 89 gold pieces.
You spent 44 gold pieces at shops.

Inventory:

Hand Weapons
 a - a +0 lajatang
 b - a +0 hunting sling
 o - a +0 dagger (weapon)
 q - a +2 antimagic mace
 s - a +0 short sword
Missiles
 c - 32 stones
 g - 10 poisoned darts (quivered)
 i - 12 sling bullets
 n - 6 javelins
Armour
 l - a +0 robe (worn)
Magical Staves
 h - a staff of death
 k - a staff of cold
Scrolls
 d - 2 scrolls of identify {unknown}
 e - a scroll of fear {unknown}
 f - 2 scrolls of magic mapping {unknown}
 m - a scroll of torment {unknown}
 p - a scroll of summoning {unknown}
 t - a scroll of blinking {unknown}
 u - a scroll of amnesia {unknown}


   Skills:
 - Level 2.4 Fighting
 - Level 3.0 Short Blades
 - Level 3.6 Dodging
 + Level 5.3 Stealth
 + Level 4.6 Spellcasting


You had 13 spell levels left.
You didn't know any spells.
Your spell library was empty.

Dungeon Overview and Level Annotations

Branches:
Dungeon (6/15)
 Temple: D:4-7

Altars:

Shops:
D:1 ((*   D:2 =


Innate Abilities, Weirdness & Mutations

You have sharp fingernails.
You are partially covered in iridescent scales. (AC +2)


Message History

Press: ? - help, Q - select action, (/) - cycle Shift-Dir - straight line, f/p - iguana
Aim: an iguana (heavily wounded, 64% to hit)
You shoot a sling bullet.
The sling bullet closely misses the iguana.
a - a +0 lajatang (weapon)
You closely miss the iguana.
The iguana is heavily wounded.
The iguana bites you! The iguana bites you.
It was a potion of mutation.
You feel extremely strange.
Iridescent scales grow over part of your body.
Your fingernails lengthen.
The iguana bites you.
* * * LOW HITPOINT WARNING * * *
It was a potion of attraction.
You feel attractive to monsters. The iguana misses you.
Unknown command.
You hit the iguana.
The iguana is severely wounded.
The iguana closely misses you.
You closely miss the iguana.
The iguana is severely wounded.
The iguana misses you. The iguana closely misses you.
You slash the iguana!
You kill the iguana!
b - a +0 hunting sling (weapon)
o - a +0 dagger (weapon)
i - 9 sling bullets (gained 1)
i - 10 sling bullets (gained 1)
i - 11 sling bullets (gained 1)
i - 12 sling bullets (gained 1)
An ice beast comes into view.
The ice beast is pulled toward you!
You feel less attractive to monsters.
The helpless ice beast fails to defend itself.
You impale the ice beast!!
The ice beast is almost dead.
The ice beast hits you.
* * * LOW HITPOINT WARNING * * *
The ice beast freezes you.
You die...

#.......... ...
#.#.####### ###.#
.......# ....
######.#
#######.###.#
#.###...........#
#.....#####.#####
#.###.# #.# #.#
#.# #.# #.# #.#
#@# #.#
#.......Y......
#.#
###...#...###..
#.# ..........#
#. #...# ...#.
.#.. #..#... ..#
..#.. .. .. .#
....##


You could see an ice beast.

Vanquished Creatures
  A scorpion (D:6)
  An iguana (D:5)
  3 adders
  2 ufetubi
  2 orcs (D:4)
  5 endoplasms
  A giant cockroach (D:1)
  2 goblins
  5 hobgoblins
  8 jackals
  A kobold (D:1)
  A quokka (D:1)
  4 ball pythons
  4 bats
  3 frilled lizards
  4 rats (D:1)
47 creatures vanquished.

Notes
Turn   | Place    | Note
-------+----------+-------------------------------------------
     0 | D:1      | Spectrina the Deep Elf Monk began the quest for the Orb.
     0 | D:1      | Reached XP level 1. HP: 13/13 MP: 3/3
     2 | D:1      | Found Igga's Weapon Boutique.
    30 | D:1      | Found a faded altar of an unknown god.
    88 | D:1      | Reached skill level 1 in Spellcasting
   100 | D:1      | Found Nuta's Assorted Antiques.
   120 | D:1      | Reached skill level 3 in Stealth
   130 | D:1      | Reached XP level 2. HP: 15/18 MP: 4/6
   309 | D:1      | Found Ygaig's Antique Weapon Shoppe.
   370 | D:1      | Bought a smoky blue potion for 22 gold pieces
   370 | D:1      | Bought a glowing pink potion for 22 gold pieces
   496 | D:2      | Found Foebesk Uzirr's Jewellery Boutique.
   515 | D:2      | Reached XP level 3. HP: 19/22 MP: 8/8
   638 | D:3      | Reached skill level 4 in Stealth
   778 | D:4      | Reached XP level 4. HP: 27/27 MP: 11/11
   889 | D:5      | Entered Level 5 of the Dungeon
   902 | D:6      | Noticed a scorpion
   908 | D:6      | Killed a scorpion
   909 | D:6      | Reached skill level 5 in Stealth
   909 | D:6      | Reached XP level 5. HP: 31/31 MP: 11/13
  1126 | D:5      | Gained mutation: You are partially covered in iridescent
                  | scales. (AC +2) [potion of mutation]
  1126 | D:5      | Gained mutation: You have sharp fingernails. [potion of
                  | mutation]
  1148 | D:5      | Noticed an ice beast
  1149 | D:5      | Slain by an ice beast

Illustrated notes

Levels and vault maps discovered:
D:1:      minmay_arrival_stone_box, layout_rooms, serial_shops, shop,
          nicolae_shop_waterfront, shop,
          shapermc_ecumenical_altar_starsandcircs, minmay_tree_intersection
D:2:      layout_loops_cross, serial_shops, shop
D:3:      layout_basic, serial_shops, shop, minivault_26,
          minmay_misc_feat_rugged, minmay_misc_feat_nine_boxes,
          minmay_misc_feat_diagonals, minmay_fractal_squares_5
D:4:      layout_layer_cave, temple_fountains
D:5:      layout_basic, nicolae_wu_jian_glorious_leap, minivault_26,
          minmay_strange_pillars, kennysheep_generic_room_10
D:6:      layout_loops_cross, mainiacjoe_overflow_catch_the_wave, st_stairs_9,
          uniq_menkaure

Skill      XL: |  1  2  3  4 |
---------------+-------------+-----
Spellcasting   | 1 2 3 4 |  4.6
Stealth        | 3 4 5 |  5.3
Fighting       | |  2.4
Short Blades   | |  3.0
Dodging        | |  3.6

Action                   |  1- 3 |  4- 6 || total
-------------------------+-------+-------++-------
Melee: Short sword       |    70 |     2 ||    72
       Dagger            |       |     2 ||     2
       Lajatang          |       |     4 ||     4
 Fire: Hunting sling     |    37 |    19 ||    56
Throw: Dart              |    21 |       ||    21
       Stone             |     5 |       ||     5
  Use: Potion            |     4 |     2 ||     6
 Stab: Sleeping          |     3 |     2 ||     5
Armor: Robe              |     7 |       ||     7
Dodge: Dodged            |    65 |     5 ||    70
